[Event "Early-Titled-Tuesday-Blitz-March-05-2024"]
[Site "Chess.com"]
[Date "2024.03.05"]
[Round "8"]
[White "LaPiToB"]
[Black "MaxLeto"]
[Result "1/2-1/2"]
[WhiteElo "2278"]
[BlackElo "2443"]
[TimeControl "180+1"]
[EndTime "9:30:19 PST"]
[Termination "Game drawn by repetition"]

1. d4 d5 2. c4 e6 3. Nf3 Nf6 4.
Nc3 Be7 5. Bf4 O-O 6. e3 b6 7. Bd3 Bb7 8. O-O dxc4 9. Bxc4 Nbd7 10. Rc1 c5 11. dxc5 Nxc5 12. Qe2 Nh5 13. Rfd1 Nxf4 14. exf4 Qc7 15. Ne5 Rad8 16. Nb5 Qb8 17. b4 a6 18.
bxc5 axb5 19. Bxb5 Bxc5 20. Nd7 Rxd7 21. Rxd7 Bc8 22.
Rdd1 Qxf4 23. Rc4 Qg5 24. Rg4 Qf6 25. Ra4 e5 26. h3 g6 27. Ra7 Be6 28. a4 Rc8 29. Bd7 Rd8 30. Bxe6 Rxd1+ 31. Qxd1 Bxf2+ 32. Kh1 Qxe6 33. Qf3 Bc5 34. h4 e4 35. Qf4 Kg7 36.
h5 gxh5 37. Qg5+ Qg6 38. Qe5+ Kh6 39. Qf4+ Kg7 40. Qe5+ Qf6 41. Qg3+ Qg6 42. Qe5+ 1/2-1/2

[Event "Early-Titled-Tuesday-Blitz-March-05-2024"]
[Site "Chess.com"]
[Date "2024.03.05"]
[Round "8"]
[White "goodnigth"]
[Black "LuisFSiles"]
[Result "1-0"]
[WhiteElo "1987"]
[BlackElo "2229"]
[TimeControl "180+1"]
[EndTime "9:30:19 PST"]
[Termination "goodnigth won on time"]

1. d4 Nf6 2. Nf3 g6 3. Nc3 d5 4. Bf4 c6 5. h3 Bg7 6. e3 O-O 7. Be2 Re8 8. O-O Nfd7 9. e4 dxe4 10. Nxe4 Qa5 11. Bd3 e5 12. Nd6 Rd8 13. Nc4 Qb5 14. a4 Qd5 15. Ncxe5 Nxe5 16. Bxe5 Bh6 17. Re1 Nd7 18. c4 Qa5 19. Bd6 Nf8 20. b4 Qh5 21.
Be7 Re8 22. Re5 f5 23. Qe2 Bd7 24. Re1 Bf4 25. Bxf8 Bxe5 26. Nxe5 Kxf8 27. Nxd7+ Kf7 28. Ne5+ Kg7 29. Qxh5 gxh5 30. Bxf5 Rad8 31. Re4 b6 32. g4 c5 33. bxc5 bxc5 34. dxc5 Rd1+ 35. Kg2 Rd2 36.
Nf3 Rxe4 37. Bxe4 Ra2 38. c6 1-0

[Event "Early-Titled-Tuesday-Blitz-March-05-2024"]
[Site "Chess.com"]
[Date "2024.03.05"]
[Round "8"]
[White "Roman_Ovetchkin"]
[Black "carlocapau"]
[Result "1/2-1/2"]
[WhiteElo "2590"]
[BlackElo "2461"]
[TimeControl "180+1"]
[EndTime "9:30:20 PST"]
[Termination "Game drawn by repetition"]

1. d4 Nf6 2. c4 g6 3. Nc3 Bg7 4. e4 d6 5. h3 O-O 6. Bg5 c5 7. d5 e6 8. Bd3 exd5 9. exd5 Re8+ 10. Nge2 Nbd7 11. f4 Qb6 12. Qc2 Nh5 13. O-O f5 14.
Rae1 Ndf6 15. Kh2 Bd7 16. Ng1 Rxe1 17. Rxe1 h6 18. Bxf6 Nxf6 19. Nf3 Re8 20. Rxe8+ Bxe8 21. b3 Qb4 22. Ne2 Bd7 23. g3 a6 24. a4 b5 25.
axb5 axb5 26. Kg2 Kh7 27. Nh4 bxc4 28. bxc4 Qe1 29. Nf3 Qa1 30. Qb1 Qa3 31. Nh4 Qb4 32. Qc2 Ba4 33. Qc1 Ne4 34. g4 Bd7 35. gxf5 gxf5 36. Ng3 Nxg3 37. Kxg3 Bf6 38. Nxf5 Bxf5 39. Bxf5+ Kg7 40. Bd3 Qc3 41. Qxc3 Bxc3 42. Kg4 Kf6 43. Kh5 Kg7 44. Kg4 Kf6 45. Kf3 Bd4 46. h4 Bc3 47.
h5 Bd2 48. Bg6 Bc1 49. Ke4 Bd2 50. f5 Bg5 51. Kd3 Bf4 52. Kc2 Bg5 53. Kb3 Bf4 54.
Ka4 Be5 55. Kb5 Bf4 56. Kc6 Be5 57. Kd7 Bf4 58. Kc6 Be5 59. Kb5 Bf4 60. Kc6 1/2-1/2

[Event "Early-Titled-Tuesday-Blitz-March-05-2024"]
[Site "Chess.com"]
[Date "2024.03.05"]
[Round "8"]
[White "Orest_Vovk"]
[Black "kinga2008"]
[Result "0-1"]
[WhiteElo "2533"]
[BlackElo "2423"]
[TimeControl "180+1"]
[EndTime "9:30:21 PST"]
[Termination "kinga2008 won by resignation"]

1. h4 e5 2. h5 Nf6 3. h6 Nc6 4. hxg7 Bxg7 5. d3 d5 6. Bh6 Bxh6 7. Rxh6 Bf5 8. Nc3 Qe7 9. Rxf6 Qxf6 10. Nxd5 Qd6 11.
e4 Be6 12. Nf6+ Ke7 13. Nh5 Rag8 14. Qd2 Rg6 15. f4 Qd4 16. f5 Qxg1 17. fxg6 fxg6 18.
Qg5+ Kd6 19. Ng3 h6 20. Qd2 Qh2 21. Qf2 Ke7 22. O-O-O Rf8 23. Qc5+ Kd7 24. Ne2 Qh4 25. Qe3 Kc8 26. d4 exd4 27. Nxd4 Nxd4 28. Qxd4 Qf4+ 29.
Qd2 Qxf1 30. Qxh6 Qf4+ 31. Qxf4 Rxf4 32. Re1 Bd7 33. Kd2 Bc6 34. Kd3 Kd7 35. e5 Ke6 36. c3 Bb5+ 37. Ke3 Rf5 38. Kd4 b6 39. g3 c5+ 40. Ke3 Rxe5+ 41. Kf2 Rxe1 0-1

[Event "Early-Titled-Tuesday-Blitz-March-05-2024"]
[Site "Chess.com"]
[Date "2024.03.05"]
[Round "8"]
[White "David_George21"]
[Black "chessamical"]
[Result "0-1"]
[WhiteElo "2408"]
[BlackElo "2179"]
[TimeControl "180+1"]
[EndTime "9:30:21 PST"]
[Termination "chessamical won by checkmate"]

1. e4 e6 2. d4 d5 3. Nd2 c5 4.
exd5 cxd4 5. Bb5+ Bd7 6. dxe6 Bxb5 7. exf7+ Kd7 8. fxg8=Q Qe7+ 9. Ne2 Rxg8 10. c4 dxc3 11. Ne4+ Kc8 12. N4xc3 Bc6 13. O-O Nd7 14. Bf4 g5 15. Bg3 h5 16. Nd5 Qf7 17. Rc1 h4 18. Nd4 Qxd5 19. Nxc6 Qxd1 20. Ne5+ Qxc1 21. Rxc1+ Kd8 22.
Nxd7 Kxd7 23. Be5 Bd6 24. Rd1 Rg6 25. g3 h3 26. f4 gxf4 27. Bxf4 Rc8 28. Rd2 Rc4 29.
Kf2 Kc6 30. Be3 Rf6+ 31. Ke2 Re6 32. b3 Rc3 33. Rd3 Rxd3 34. Kxd3 Kd5 35. Bd2 Bxg3 36. hxg3 h2 37. Bf4 h1=Q 38. Kc3 Qe4 39. Kb2 Rc6 40.
Ka3 Rc2 41. b4 b5 42. Kb3 Qd3# 0-1

[Event "Early-Titled-Tuesday-Blitz-March-05-2024"]
[Site "Chess.com"]
[Date "2024.03.05"]
[Round "8"]
[White "kyuotbi"]
[Black "GilbertoHernandezAmura"]
[Result "0-1"]
[WhiteElo "2313"]
[BlackElo "2455"]
[TimeControl "180+1"]
[EndTime "9:30:22 PST"]
[Termination "GilbertoHernandezAmura won by checkmate"]

1. e4 d5 2. exd5 Nf6 3. d4 Nxd5 4. Nf3 g6 5. Be2 Bg7 6. O-O O-O 7. c3 b6 8. Nbd2 Bb7 9. Nc4 Nd7 10. Bg5 h6 11.
Bh4 Nf4 12. Bg3 Nxe2+ 13. Qxe2 Re8 14. Nce5 Nxe5 15. Nxe5 e6 16. Rfe1 a5 17. Qg4 g5 18.
Qh5 Qe7 19. h4 f6 20. Ng4 f5 21. Nxh6+ Bxh6 22. Qxh6 gxh4 23. Be5 Qh7 24. Qg5+ Kf8 25. Re3 Re7 26. Rh3 Qg8 27. Qf6+ Rf7 28. Qh6+ Ke7 29. Qxh4+ Kd7 30. Rg3 Qf8 31. Rg6 Re8 32. Rd1 b5 33. a4 bxa4 34. d5 exd5 35. Qxa4+ Kc8 36. Bg3 f4 37.
Bh4 f3 38. Qxa5 fxg2 39. Bg3 d4 40. Rf6 Ree7 41. Rxf7 Qxf7 42. Rxd4 Re1+ 43. Kh2 Rh1# 0-1

[Event "Early-Titled-Tuesday-Blitz-March-05-2024"]
[Site "Chess.com"]
[Date "2024.03.05"]
[Round "8"]
[White "Fandorine"]
[Black "Batica1984"]
[Result "0-1"]
[WhiteElo "2919"]
[BlackElo "2785"]
[TimeControl "180+1"]
[EndTime "9:30:23 PST"]
[Termination "Batica1984 won by resignation"]

1. d4 d5 2. Nf3 Nf6 3. c4 c6 4. Nc3 e6 5. g3 Nbd7 6. Bg2 dxc4 7. a4 Be7 8. O-O O-O 9. e4 e5 10. dxe5 Ng4 11. Bf4 Qa5 12. Qe1 Bb4 13.
e6 fxe6 14. e5 Nc5 15. h3 Nd3 16. Qe4 Nxf4 17. gxf4 Nh6 18. Qxc4 Be7 19. Rfd1 Qb4 20. Rd4 a5 21. Qa2 Qb6 22. Rad1 Nf5 23. Rc4 Rd8 24. Qb1 Bd7 25. Ne4 Be8 26. Neg5 c5 27. Rcc1 h6 28. Ne4 Bxa4 29. Re1 Bb3 30. Nfd2 Bd5 31.
Nc4 Qb4 32. Ne3 Nxe3 33. fxe3 a4 34. Nf6+ Bxf6 35. exf6 Bxg2 36. Qg6 Rd7 37. Rcd1 Be4 38. Qg4 Bf5 39. Qg3 Rad8 40. Rxd7 Rxd7 41. e4 Bxe4 42. f5 Bxf5 43. Rf1 Qd4+ 0-1

[Event "Early-Titled-Tuesday-Blitz-March-05-2024"]
[Site "Chess.com"]
[Date "2024.03.05"]
[Round "8"]
[White "Cheer_Down"]
[Black "Crazy_girl99"]
[Result "0-1"]
[WhiteElo "2417"]
[BlackElo "2549"]
[TimeControl "180+1"]
[EndTime "9:30:25 PST"]
[Termination "Crazy_girl99 won by resignation"]

1. e4 e5 2. Nf3 Nc6 3. Bc4 Bc5 4. c3 Nf6 5. d3 d6 6. O-O a6 7. a4 Ba7 8. Re1 h6 9. Nbd2 O-O 10. h3 Be6 11. Bxe6 fxe6 12. Nc4 Qe8 13. Be3 Bxe3 14. Rxe3 Nh5 15. g3 Qg6 16. Kh2 Rf7 17. b4 Raf8 18. b5 Ne7 19. b6 Nc8 20. bxc7 b5 21. axb5 axb5 22. Na3 Rxc7 23. Nxb5 Rcf7 24. Ra8 d5 25. Ra6 dxe4 26. dxe4 Rb7 27. c4 Qf7 28. Ra8 Rd7 29. Qe2 Qf6 30. Kg2 Qg6 31. Kh2 Qf6 32. Ra2 Nb6 33. Kg2 Rc8 34. Rc2 Na4 35. Rd3 Rxd3 36. Qxd3 Nc5 37. Qd6 Nxe4 38. Qxe5 Qxe5 39. Nxe5 Nhf6 40.
f3 Nc5 41. Nd6 Ra8 42. g4 Ra3 43. Nc6 Kh7 44. Nb5 Ra1 45. Ncd4 Nd3 46. Nxe6 Ne1+ 47. Kg3 Nxc2 0-1

[Event "Early-Titled-Tuesday-Blitz-March-05-2024"]
[Site "Chess.com"]
[Date "2024.03.05"]
[Round "8"]
[White "1mbl4"]
[Black "baki83"]
[Result "0-1"]
[WhiteElo "2615"]
[BlackElo "2803"]
[TimeControl "180+1"]
[EndTime "9:30:26 PST"]
[Termination "baki83 won by resignation"]

1. d4 d5 2. Bf4 Nf6 3. Nc3 a6 4. e3 b5 5. Nf3 Bb7 6. Ne5 e6 7. g4 Nfd7 8. h4 Nxe5 9. Bxe5 Nd7 10. Bg3 c5 11. Bg2 Rc8 12. O-O Be7 13. h5 O-O 14.
Ne2 a5 15. c3 b4 16. Rc1 Nb6 17. dxc5 Bxc5 18. cxb4 axb4 19. h6 gxh6 20. Bf4 Qf6 21. Ng3 e5 22. Nh5 Qe6 23. Bh2 Nc4 24. Qf3 Nd2 25. Nf6+ Kh8 26. Qf5 Qxf5 27. gxf5 Nxf1 28. Bxe5 Nxe3 29. Rxc5 Rxc5 30. fxe3 d4 31. Bxd4 Rc1+ 32. Kh2 Rc2 33. Nd5+ f6 34. e4 Bxd5 35. exd5 Kg7 36.
Kg3 Rxg2+ 37. Kxg2 Rd8 38. Bc5 b3 39. axb3 Rxd5 40.
b4 Rxf5 41. Bd4 Rb5 42. Bc3 Kg6 43. Kf3 Kf5 44. Ke3 h5 45. Kd4 h4 46. Be1 h3 0-1

[Event "Early-Titled-Tuesday-Blitz-March-05-2024"]
[Site "Chess.com"]
[Date "2024.03.05"]
[Round "8"]
[White "YurasovMat-2012"]
[Black "Joachim100x"]
[Result "1/2-1/2"]
[WhiteElo "2614"]
[BlackElo "2505"]
[TimeControl "180+1"]
[EndTime "9:30:26 PST"]
[Termination "Game drawn by repetition"]

1. e4 c5 2. Nf3 e6 3. d3 Nc6 4.
Nbd2 g6 5. g3 Bg7 6. Bg2 Nge7 7.
O-O d5 8. Re1 d4 9. Nc4 e5 10.
a4 O-O 11. c3 f6 12. cxd4 cxd4 13. Bd2 Be6 14. b4 Qd7 15. b5 Nd8 16. Rc1 Nf7 17.
Bb4 Rfc8 18. Nfd2 Bf8 19. f4 Rc7 20. Qf3 Rac8 21. Qf2 b6 22. Rf1 exf4 23. gxf4 f5 24. Rfe1 Bg7 25. Bxe7 Qxe7 26. exf5 gxf5 27. Bd5 Nd8 28.
Rxe6 Nxe6 29. Re1 Kh8 30. Rxe6 Qb4 31. Qe2 Rf8 32. Re8 Rc8 33. Rxc8 Rxc8 34. Qe6 Rf8 35. Qd7 Qxa4 36. Bf3 a6 37. Nd6 Qb4 38. Nf7+ Kg8 39.
Bd5 Qxd2 40. Ng5+ Kh8 41. Nf7+ Kg8 42. Ne5+ Kh8 43. Nf7+ Kg8 1/2-1/2

[Event "Early-Titled-Tuesday-Blitz-March-05-2024"]
[Site "Chess.com"]
[Date "2024.03.05"]
[Round "8"]
[White "Chessbard1972"]
[Black "Kotlyar_K"]
[Result "0-1"]
[WhiteElo "2466"]
[BlackElo "2601"]
[TimeControl "180+1"]
[EndTime "9:30:26 PST"]
[Termination "Kotlyar_K won on time"]

1. d4 Nf6 2. c4 e6 3. Nf3 c5 4.
d5 exd5 5. cxd5 d6 6. Nc3 g6 7.
Nd2 Nbd7 8. e4 Bg7 9. Be2 O-O 10.
O-O a6 11. a4 Re8 12. Qc2 Qc7 13. Nc4 Nb6 14. Ne3 h5 15. h3 Rb8 16. a5 Nbd7 17.
Nc4 Ne5 18. Nb6 Ned7 19. Nxc8 Rbxc8 20. Bf4 c4 21. Ra4 Ne5 22. Bxe5 Rxe5 23. Rxc4 Qd8 24.
Rxc8 Qxc8 25. Re1 Nxe4 26. Qd3 Nxc3 27. bxc3 Qc5 28. c4 Qxa5 29. Rb1 Re7 30. g4 hxg4 31.
hxg4 Qc5 32. Kg2 Bd4 33. Qf3 Kg7 34. Rh1 Kf8 35. g5 a5 36. Qg4 a4 37. Rh3 Bg7 0-1

[Event "Early-Titled-Tuesday-Blitz-March-05-2024"]
[Site "Chess.com"]
[Date "2024.03.05"]
[Round "8"]
[White "vovachesss"]
[Black "GlavkonVVS"]
[Result "1-0"]
[WhiteElo "2803"]
[BlackElo "2559"]
[TimeControl "180+1"]
[EndTime "9:30:30 PST"]
[Termination "vovachesss won by resignation"]

1. e4 Nf6 2. e5 Nd5 3. Nc3 Nb6 4. d4 d6 5. f4 g6 6. Nf3 Bg4 7. Be2 Bg7 8. O-O O-O 9. h3 Bxf3 10. Bxf3 c6 11.
Qe2 N8d7 12. Be3 a5 13. Rad1 a4 14. a3 d5 15. g4 Nc4 16. Bc1 e6 17. f5 exf5 18. gxf5 Qh4 19. f6 Bh6 20. Bg4 Bxc1 21. Rxc1 Rae8 22. Bxd7 Qxd4+ 23. Qf2 Qxf2+ 24. Rxf2 Rxe5 25. b3 axb3 26. cxb3 Nb6 27. Bg4 h5 28. Bf3 Re3 29. Kg2 Rfe8 30. a4 d4 31. a5 Nd7 32. Na4 Rxb3 33. Nc5 Nxc5 34. Rxc5 Rd8 35. a6 bxa6 36. Rxc6 d3 37. Rd2 a5 38. Ra6 Rb5 39. Be4 Rd4 40. Kf3 Re5 41. Bxd3 h4 42. Ra8+ Kh7 43. Bxg6+ Kxg6 44. Rxd4 Rf5+ 45. Rf4 Rxf4+ 46. Kxf4 Kxf6 47. Rxa5 1-0

[Event "Early-Titled-Tuesday-Blitz-March-05-2024"]
[Site "Chess.com"]
[Date "2024.03.05"]
[Round "8"]
[White "Bauman_Guy"]
[Black "Kobalia"]
[Result "0-1"]
[WhiteElo "2913"]
[BlackElo "2814"]
[TimeControl "180+1"]
[EndTime "9:30:32 PST"]
[Termination "Kobalia won by resignation"]

1. e4 c5 2. Nf3 e6 3. d4 cxd4 4.
Nxd4 Nc6 5. Nc3 a6 6. g3 d6 7. Bg2 Bd7 8. O-O Nf6 9. a4 Be7 10. Nxc6 Bxc6 11. a5 O-O 12. Be3 Qc7 13. Re1 Rac8 14.
Bb6 Qb8 15. Na4 d5 16. e5 Nd7 17. Bd4 Bb4 18. c3 Bxa5 19. Nc5 Bc7 20. Nxd7 Bxd7 21. h4 Bd8 22. h5 h6 23. f4 Be7 24. g4 Bc5 25. g5 Bxd4+ 26. cxd4 hxg5 27. fxg5 Bb5 28. Bh3 Qc7 29. g6 Qe7 30. Qg4 Rc6 31. Ra3 f5 32.
exf6 Qxf6 33. Kh1 Qf2 34. Qg3 Qxd4 35. Rae3 e5 36. Rxe5 Bd3 37. Bg2 Be4 38. Bxe4 dxe4 39. R5xe4 Qxb2 40. Re8 Rc8 41. Rxc8 Rxc8 42. Qg4 Rf8 43.
Qe6+ Kh8 44. Qf7 Qb4 45. Re8 Qh4+ 46. Kg2 Qg4+ 47. Kf2 Qd4+ 48. Kg2 Qd2+ 49. Kh1 Qc1+ 50. Kg2 Qc6+ 0-1

[Event "Early-Titled-Tuesday-Blitz-March-05-2024"]
[Site "Chess.com"]
[Date "2024.03.05"]
[Round "8"]
[White "subham777"]
[Black "Leonid_Starozhilov"]
[Result "1-0"]
[WhiteElo "2563"]
[BlackElo "2688"]
[TimeControl "180+1"]
[EndTime "9:30:32 PST"]
[Termination "subham777 won by resignation"]

1. e4 g6 2. g3 Bg7 3. Bg2 c5 4. Ne2 Nc6 5. O-O e5 6. d3 Nge7 7. c4 h5 8. h4 d6 9. Nbc3 Bg4 10. f3 Be6 11. Be3 Nd4 12. Bxd4 cxd4 13. Nd5 O-O 14. b4 Nxd5 15. cxd5 Bd7 16. Qb3 Bh6 17.
f4 Bg4 18. Bf3 exf4 19. Bxg4 hxg4 20. Nxf4 Rc8 21. Qd1 Qd7 22. Kg2 Rc3 23. Ne6 fxe6 24. Qxg4 Rc2+ 25. Kh1 Kh7 26. Rxf8 Bxf8 27. Rf1 Bg7 28.
dxe6 Qb5 29. e7 Rc7 30. Qe6 Qe8 31. Rf7 Rc1+ 32. Kh2 Rc2+ 33. Kh1 Rc1+ 34. Kh2 Qc8 35. e8=Q Qc2+ 36. Kh3 Rh1+ 37. Kg4 Qe2+ 38. Rf3 Rxh4+ 39. Kxh4 Qh2+ 40. Qh3 g5+ 41. Kg4+ Qxh3+ 42. Kxh3 Bf6 43. Kg4 1-0

[Event "Early-Titled-Tuesday-Blitz-March-05-2024"]
[Site "Chess.com"]
[Date "2024.03.05"]
[Round "8"]
[White "SmirnovTimofey2000"]
[Black "arnash_bauyrzhan"]
[Result "0-1"]
[WhiteElo "1963"]
[BlackElo "2319"]
[TimeControl "180+1"]
[EndTime "9:30:36 PST"]
[Termination "arnash_bauyrzhan won on time"]

1. e4 c5 2. c3 d6 3. d4 e5 4.
dxe5 dxe5 5. Qxd8+ Kxd8 6. Nf3 f6 7. Bc4 Nc6 8. O-O Bg4 9. Nh4 Kc7 10. Na3 a6 11.
Be3 g5 12. Nf5 Bxf5 13. exf5 Nge7 14. g4 h5 15. h3 hxg4 16. hxg4 Rh4 17. f3 b6 18.
Rad1 Bg7 19. Be6 Rah8 20. Rd7+ Kb8 21. Rfd1 Rh1+ 22. Kf2 Rxd1 23. Rxd1 Rh2+ 24. Ke1 Rxb2 25. Nc4 Rc2 26. Nxb6 Rxc3 27. Kd2 Rxe3 28. Kxe3 Nd4 29. Nd7+ Kc7 30. Nxc5 Nec6 31. Nxa6+ Kb6 32. Nb8 Nxb8 33. Rb1+ Kc7 34. a4 Nbc6 35. Bd5 Bf8 36. Bxc6 Kxc6 37. a5 Bc5 38. a6 Nb5+ 39. Ke4 Nc3+ 40. Kd3 Nxb1 0-1

[Event "Early-Titled-Tuesday-Blitz-March-05-2024"]
[Site "Chess.com"]
[Date "2024.03.05"]
[Round "8"]
[White "MagnusCarlsen"]
[Black "Firouzja2003"]
[Result "1-0"]
[WhiteElo "3285"]
[BlackElo "3225"]
[TimeControl "180+1"]
[EndTime "9:30:37 PST"]
[Termination "MagnusCarlsen won on time"]

1. c4 Nf6 2. Nc3 e5 3. Nf3 Nc6 4. g3 d5 5. cxd5 Nxd5 6. Bg2 Nb6 7. O-O Be7 8. a3 O-O 9. b4 Re8 10. d3 Bf8 11. Bg5 f6 12. Be3 a6 13. Rc1 Bg4 14.
h3 Bh5 15. Ne4 a5 16. Bc5 axb4 17. axb4 Bd6 18. d4 Bxf3 19. Bxf3 Nxd4 20. Bxd4 exd4 21.
Qxd4 Be5 22. Qe3 c6 23. b5 Nd5 24. Qb3 Kh8 25. bxc6 bxc6 26. Rxc6 Rb8 27. Qc4 Nb4 28. Rc5 Bd4 29. Rb5 Rxb5 30. Qxb5 Qb8 31. Qa4 f5 32.
Nd6 Rf8 33. Qd7 Bc5 34. Rd1 Rf6 35. Nxf5 Qf8 36. Qc7 Rf7 37. Qe5 Rxf5 38. Qe4 Rf6 39. Kg2 g6 40. Qe5 Kg7 41. Rd7+ Kh6 42. h4 Rf5 43.
Qc7 Qg8 44. g4 1-0

[Event "Early-Titled-Tuesday-Blitz-March-05-2024"]
[Site "Chess.com"]
[Date "2024.03.05"]
[Round "8"]
[White "SahibSinghKnight"]
[Black "annamaja"]
[Result "1-0"]
[WhiteElo "2582"]
[BlackElo "2450"]
[TimeControl "180+1"]
[EndTime "9:30:37 PST"]
[Termination "SahibSinghKnight won by resignation"]

1. e4 e6 2. d4 d5 3. Nc3 Nf6 4. e5 Nfd7 5. f4 c5 6. Nf3 Nc6 7. Be3 a6 8. Qd2 b5 9. dxc5 Bxc5 10. Bxc5 Nxc5 11. Nd4 Nxd4 12. Qxd4 Qb6 13. a3 O-O 14. O-O-O Bb7 15. Kb1 Rac8 16. Bd3 f6 17. exf6 Rxf6 18.
Rhe1 Nd7 19. Qxb6 Nxb6 20. g3 Nd7 21. Rd2 Nc5 22. Bf1 Bc6 23. Bh3 Re8 24. b4 Nd7 25.
Nxd5 Bxd5 26. Rxd5 Rh6 27. Bxe6+ Rhxe6 28. Rxe6 Rxe6 29. Rxd7 Re1+ 30. Kb2 Re2 31. h4 Rg2 32. Rd3 Kf7 33. Re3 Kf6 34. Kb3 Kf5 35. Re5+ Kf6 36. Re3 Kf5 37. c4 bxc4+ 38. Kxc4 Kg4 39. a4 Ra2 40. Kb3 Ra1 41. b5 axb5 42. axb5 Rb1+ 43. Kc4 Rc1+ 44. Rc3 Rd1 45. b6 Rd8 46. Kb5 h5 47.
b7 Rb8 48. Kb6 1-0

[Event "Early-Titled-Tuesday-Blitz-March-05-2024"]
[Site "Chess.com"]
[Date "2024.03.05"]
[Round "8"]
[White "moro182"]
[Black "MITerryble"]
[Result "1-0"]
[WhiteElo "2846"]
[BlackElo "3014"]
[TimeControl "180+1"]
[EndTime "9:30:39 PST"]
[Termination "moro182 won by resignation"]

1. d4 d5 2. Bf4 Nf6 3. e3 e6 4.
Nf3 Bd6 5. Nbd2 O-O 6. Bd3 c5 7. dxc5 Bxc5 8. O-O h6 9. h3 Nc6 10. c3 Re8 11. e4 e5 12. Bg3 Bb6 13. Re1 d4 14. Bb5 dxc3 15. bxc3 Nh5 16. Bxc6 bxc6 17. Bxe5 Ba6 18. Nb3 Qe7 19. Qd6 Qxd6 20. Bxd6 Nf6 21. e5 Nd5 22. Rac1 Nf4 23. Rc2 Rad8 24. Rd1 Be2 25. Rdd2 Bxf3 26. gxf3 Nxh3+ 27. Kh2 Nf4 28. c4 Rc8 29. c5 Bd8 30. Rd4 Ne6 31. Ra4 Ra8 32.
Ra6 Rc8 33. Rxa7 Bg5 34. a4 Bf4+ 35. Kg2 h5 36. a5 Kh7 37. Rxf7 Kg6 38. Re7 h4 39.
Rxe8 Rxe8 40. a6 Ng5 41. a7 Ra8 42. Bb8 h3+ 43. Kh1 Nxf3 44. Re2 Kf5 45. e6 Bxb8 46. e7 Bxa7 47. e8=Q Rxe8 48. Rxe8 Ng5 49. Ra8 Ne4 50. Rxa7 Nxf2+ 51. Kh2 g5 52. Rf7+ 1-0

[Event "Early-Titled-Tuesday-Blitz-March-05-2024"]
[Site "Chess.com"]
[Date "2024.03.05"]
[Round "8"]
[White "Shushik"]
[Black "K_A_S_T_O_R"]
[Result "0-1"]
[WhiteElo "2561"]
[BlackElo "2792"]
[TimeControl "180+1"]
[EndTime "9:30:41 PST"]
[Termination "K_A_S_T_O_R won by resignation"]

1. e4 c5 2. Ne2 Nf6 3. Nbc3 d6 4. d4 cxd4 5. Nxd4 a6 6. Be3 e6 7. f3 b5 8. Qd2 Nbd7 9. g4 h6 10. a3 Nb6 11. O-O-O Bb7 12. h4 Rc8 13. Bh3 Nc4 14. Qe1 Nxe3 15. Qxe3 Nd7 16. g5 Ne5 17. f4 Nc4 18.
Qe1 hxg5 19. hxg5 g6 20. Bxe6 Rxh1 21. Qxh1 fxe6 22. Qh7 Qe7 23. Qxg6+ Kd7 24. f5 exf5 25. Nxf5 Qe5 26. Qf7+ Kc6 27. g6 Kb6 28. g7 Qf4+ 29.
Kb1 Bxg7 30. Qxg7 Qf2 31. Qd4+ Qxd4 32. Rxd4 Kc7 33. Ne7 Rh8 34. Ncd5+ Bxd5 35. Nxd5+ Kb7 36. Ka2 Rh2 37. Kb3 Kc6 38. Nb4+ Kb6 39. Nd5+ Kc5 40. Kc3 Rh3+ 41. Rd3 Rh4 42. Nf6 Rf4 43. Rd5+ Kc6 44. Rf5 Rh4 45. Rf3 Rh2 46. Nd5 Re2 47. Nb4+ Kb6 48.
Kd3 Rd2+ 49. Kc3 Re2 50. Kd3 Re1 51. Nd5+ Kc5 52. b4+ Kc6 53. Ne7+ Kd7 54. Ng6 Ra1 55. Rf7+ Ke6 56. Ra7 Rxa3+ 57. Ke2 Re3+ 58. Kf2 Rxe4 59.
Nf8+ Kd5 60. Nd7 Rf4+ 61. Kg3 Rf1 62. Rxa6 Ne3 63. Nb6+ Ke4 64. Nd7 Rg1+ 65. Kf2 Rg2+ 66. Ke1 Kf3 67. Ne5+ dxe5 68. Rf6+ Ke4 0-1

[Event "Early-Titled-Tuesday-Blitz-March-05-2024"]
[Site "Chess.com"]
[Date "2024.03.05"]
[Round "8"]
[White "mfschulz"]
[Black "Preobrazhenska_D2011"]
[Result "1-0"]
[WhiteElo "2323"]
[BlackElo "2434"]
[TimeControl "180+1"]
[EndTime "9:30:41 PST"]
[Termination "mfschulz won on time"]

1. d4 Nf6 2. Bg5 d5 3. Bxf6 gxf6 4. e3 c5 5. Nc3 Nc6 6. Qh5 cxd4 7. exd4 f5 8.
O-O-O Bg7 9. Nf3 Be6 10. Bb5 Qa5 11. Ng5 O-O-O 12. Bxc6 bxc6 13. Nxf7 Bxf7 14. Qxf7 Bf6 15. Qe6+ Kb7 16. Qxf5 Rhg8 17. g3 Qb6 18. Qd3 Ka8 19.
Rhe1 Rb8 20. Na4 Qb4 21. b3 Qa3+ 22. Kd2 Rb4 23. Qa6 Rxd4+ 24. Ke2 Qb4 25. Qxc6+ Kb8 26.
Rxd4 Bxd4 27. c3 Qa3 28. cxd4 Qxa2+ 29. Kf1 Rf8 30. Qb5+ Ka8 31. Qxd5+ Kb8 32. Qe5+ Ka8 33. Re2 Qb1+ 34. Kg2 Qxb3 35. Nc5 Qf3+ 36. Kg1 Qc6 37.
Qxe7 Rb8 38. Qe4 Qxe4 39. Rxe4 Rb1+ 40. Kg2 a5 41. Re8+ Ka7 42. Re7+ Ka8 43. Rxh7 Rd1 44. Rd7 Rc1 45. h4 Rc4 46. h5 a4 47. h6 a3 48.
h7 Rb4 49. h8=Q+ Rb8 50. Qg7 1-0

[Event "Early-Titled-Tuesday-Blitz-March-05-2024"]
[Site "Chess.com"]
[Date "2024.03.05"]
[Round "8"]
[White "xxysoul6"]
[Black "HansOnTwitch"]
[Result "1/2-1/2"]
[WhiteElo "2942"]
[BlackElo "3110"]
[TimeControl "180+1"]
[EndTime "9:30:43 PST"]
[Termination "Game drawn by repetition"]

1. e4 c5 2. Nf3 d6 3. d4 cxd4 4. Nxd4 Nf6 5. Nc3 a6 6. Be3 e5 7. Nb3 Be6 8. f3 h5 9. Qd2 Nbd7 10. O-O-O Rc8 11. Kb1 Be7 12. h4 b5 13. Nd5 Nxd5 14.
exd5 Bf5 15. Bd3 Bxd3 16. Qxd3 Qc7 17. g4 hxg4 18. fxg4 Qc4 19. Qd2 Qxg4 20. Rhg1 Qe4 21. Rxg7 Rxh4 22. Na5 Nf6 23. Nc6 Bf8 24. Rgg1 Nxd5 25.
Bg5 Rxc6 26. Rge1 Qc4 27. Bxh4 Nb4 28. Rxe5+ Kd7 29. b3 Qxh4 30. Rf5 Nxc2 31. Rxf7+ Be7 32. Qd5 Na3+ 33. Kb2 Rc2+ 34. Ka1 Qh8+ 35. Rd4 Qd8 36. Qxd6+ Kc8 37. Qxa6+ Kc7 38. Rxd8 Rc1+ 39. Kb2 Rc2+ 40. Ka1 Rc1+ 41. Kb2 Rc2+ 42. Ka1 1/2-1/2

[Event "Early-Titled-Tuesday-Blitz-March-05-2024"]
[Site "Chess.com"]
[Date "2024.03.05"]
[Round "8"]
[White "wadsy27"]
[Black "Seochesspie"]
[Result "0-1"]
[WhiteElo "2626"]
[BlackElo "2822"]
[TimeControl "180+1"]
[EndTime "9:30:44 PST"]
[Termination "Seochesspie won by resignation"]

1. Nf3 Nf6 2. g3 b6 3. Bg2 Bb7 4. O-O g6 5. c4 Bg7 6. d4 O-O 7.
d5 d6 8. Nc3 Nbd7 9. Nd4 Qc8 10. h3 Ne5 11. b3 c5 12. dxc6 Nxc6 13. Be3 Nxd4 14. Bxd4 Bxg2 15. Kxg2 Rd8 16. Rc1 Qb7+ 17. Kh2 d5 18. c5 bxc5 19. Bxc5 d4 20. Na4 Ne4 21.
Rc4 e5 22. Ba3 Nc3 23. Nxc3 dxc3 24. Qc2 e4 25. Qxe4 Qxe4 26. Rxe4 Rd2 27. Rc1 Rxa2 28. Bb4 Rc8 29. Rc4 Rxc4 30. bxc4 c2 31. c5 f5 32. c6 Be5 33. f4 Bc7 34. Kg2 a5 35. Bc3 Kf7 36. Be5 Bxe5 37. fxe5 Ke6 38. Kf2 a4 39. Ke1 a3 40. Kd2 Rb2 41. Rxc2 Rb8 42. Ra2 Ra8 43. Kc3 Kxe5 44. Kc4 Kd6 45. Kb5 Kc7 46.
g4 fxg4 47. hxg4 h5 48. gxh5 gxh5 49. Kb4 h4 50. e4 h3 51. Kb3 Kxc6 52. e5 Kd5 53.
Rd2+ Kxe5 54. Ka2 Ke4 55. Rh2 Rh8 56. Kxa3 Kf3 0-1

[Event "Early-Titled-Tuesday-Blitz-March-05-2024"]
[Site "Chess.com"]
[Date "2024.03.05"]
[Round "8"]
[White "Arteler"]
[Black "Mariia89"]
[Result "0-1"]
[WhiteElo "2409"]
[BlackElo "2267"]
[TimeControl "180+1"]
[EndTime "9:30:44 PST"]
[Termination "Mariia89 won on time"]

1. Nf3 c6 2. c4 d5 3. d4 Nf6 4. Nc3 g6 5. cxd5 cxd5 6. g3 Bg7 7. Bg2 O-O 8. O-O Nc6 9. e3 Bg4 10. Qc2 Rc8 11. a3 Qd7 12. b4 Bh3 13. Bb2 Bxg2 14. Kxg2 h5 15. Rac1 a6 16. Qd2 Qf5 17. Na4 Ne4 18.
Qe2 g5 19. Nc5 Nxc5 20. bxc5 Na5 21. Nd2 g4 22. Qd1 Rc6 23. Qc2 Qg5 24. Qa4 Nc4 25. Nxc4 dxc4 26. Qxc4 h4 27. Qe2 h3+ 28. Kg1 Re6 29.
d5 Qxd5 30. f3 gxf3 31. Rxf3 Bxb2 32. Rd1 Qe4 33. Rf4 Qxe3+ 34. Qxe3 Rxe3 35. Rg4+ Bg7 36. Rf1 e6 37. Rff4 Rd8 38. Re4 Rd1+ 39. Kf2 Rxa3 0-1